Cogmind - Beta 11 @@@ ROGUE MODE // 2022.03.23 @ 15:56:28 Player: zapruda Result: Self-destructed Performance ------------- Evolutions (2) 1000 Regions Visited (5) 1000 Robots Destroyed (14) 70 Value Destroyed (523) 523 Prototype IDs (23) 460 Alien Tech Used (0) 0 Bonus (428) 428 TOTAL SCORE: 3481 Bonus ------- Follower Combat Kills 128 Aligned with FarCom 300 Cogmind --------- Core Integrity 430/550 Matter 270/300 Energy 199/275 System Corruption 0% Temperature Cool (0) Movement Flying (114) Ox1 Location -8/Materials Parts ------- > --- POWER (1) -------- Deuterium Engine > --- PROPULSION (3) --- Cesium-ion Thruster Xenon Bombardment Thruster > --- UTILITY (5) ------ Small Storage Unit Improved Melee Analysis Suite Improved Melee Analysis Suite Hacking Suite > --- WEAPON (2) ------- Spear Spear > --- INVENTORY (8) ---- Light Nuclear Core Cooling System Improved Melee Analysis Suite Improved Melee Analysis Suite Peak State ------------ > --- POWER ------------ Nuclear Core > --- PROPULSION ------- Carbon-fiber Leg Wheel Wheel > --- UTILITY ---------- Small Storage Unit 0b10 Alert Chip Improved Melee Analysis Suite Improved Melee Analysis Suite Hacking Suite > --- WEAPON ----------- Spear Spear > --- INVENTORY -------- Deuterium Engine Light Nuclear Core Cesium-ion Thruster Xenon Bombardment Thruster Weight Redist. System Improved Melee Analysis Suite Improved Melee Analysis Suite [Rating: 36] Favorites ----------- Power Light Ion Engine Engine Light Ion Engine Power Core Nuclear Core Propulsion Wheel Leg Aluminum Leg Wheel Wheel Hover Unit Hover Unit Flight Unit Cesium-ion Thruster Utility Small Storage Unit Device Weight Redist. System Storage Small Storage Unit Processor 0b10 Alert Chip Hackware Hacking Suite Weapon Small Laser Energy Gun Small Laser Ballistic Gun Heavy Assault Rifle Launcher Mini Grenade Launcher Piercing Weapon Spear Build | -11 -10 -10 -10 -9 -8 ------- Run | Scr Mat Min Exi Min Mat Slots Evolved 4 | . . . . . 4 Power . | . . . . . . Propulsion 1 | . . . . . 1 Utility 3 | . . . . . 3 Weapon . | . . . . . . Parts Attached 25 | . 7 1 . 1 16 Power 3 | . 1 . . . 2 Engine 2 | . 1 . . . 1 Core 1 | . . . . . 1 Reactor . | . . . . . . Propulsion 8 | . 5 . . . 3 Treads . | . . . . . . Leg 1 | . . . . . 1 Wheel 3 | . 3 . . . . Hover 2 | . 2 . . . . Flight 2 | . . . . . 2 Utility 8 | . 1 . . . 7 Device 2 | . . . . . 2 Storage 2 | . . . . . 2 Processor 3 | . . . . . 3 Hackware 1 | . 1 . . . . Protection . | . . . . . . Artifact . | . . . . . . Weapon 6 | . . 1 . 1 4 Energy Gun 1 | . . 1 . . . Energy Cannon . | . . . . . . Ballistic Gun 1 | . . . . 1 . Ballistic Cannon . | . . . . . . Launcher 1 | . . . . . 1 Special Weapon . | . . . . . . Impact Weapon . | . . . . . . Slashing Weapon . | . . . . . . Piercing Weapon 3 | . . . . . 3 Special Melee Weapon . | . . . . . . Unidentified Prototypes . | . . . . . . Parts Lost 7 | . 1 . . . 6 Power 1 | . . . . . 1 Propulsion 4 | . 1 . . . 3 Utility 1 | . . . . . 1 Weapon 1 | . . . . . 1 Highest Loss Streak 6 | . 1 . . . 6 To Critical Strikes . | . . . . . . Average Slot Usage (%) 92 | . 92 82 85 96 92 Engine 11 | . 14 14 14 14 2 Core 1 | . . . . . 6 Leg 4 | . 18 . . . 6 Wheel 20 | . 1 28 28 28 15 Hover 1 | . 7 . . . . Storage 15 | . 14 14 14 14 20 Processor 3 | . . . . . 13 Hackware 12 | . 9 14 14 14 9 Energy Gun 9 | . . 11 14 14 3 Ballistic Gun 9 | . 26 . . 10 5 Piercing Weapon 1 | . . . . . 6 Naked Turns . | . . . . . . Heaviest Build 23 | 13 13 9 9 12 23 Greatest Support 26 | 20 20 20 20 20 26 Greatest Overweight (x) 5 | . 2 . . . 5 Average Overweight (x) . | . . . . . . Largest Inventory Capacity 8 | 8 8 8 8 8 8 Average Capacity 8 | 8 8 8 8 8 8 Most Carried 8 | 8 8 3 5 8 8 Average Carried 6 | 7 6 2 2 7 7 Final Capacity 8 | 8 8 8 8 8 8 Final Carried 8 | 8 3 2 5 8 4 Class Distribution -------------------- 62% | Scavenger-Mutant 37% | Mutant Dominant Class ---------------- Mutant | -10/Materials Scavenger-Mutant | -10/Mines Scavenger-Mutant | -10/Exiles Scavenger-Mutant | -9/Mines Mutant | -8/Materials Resources | -11 -10 -10 -10 -9 -8 ----------- Run | Scr Mat Min Exi Min Mat Matter Collected 523 | 216 66 . 106 22 113 Remotely . | . . . . . . Salvage Created 695 | 125 66 . . 60 444 Parts 38 | 8 5 . . 3 22 Haulers Intercepted . | . . . . . . Recyclers Shooed 1 | . 1 . . . . Parts Field Recycled . | . . . . . . Retrieved Matter . | . . . . . . Parts Self-Destructed . | . . . . . . Prevented . | . . . . . . Kills | -11 -10 -10 -10 -9 -8 ------- Run | Scr Mat Min Exi Min Mat Combat Hostiles Destroyed 10 | . 1 . . . 9 Melee 5 | . . . . . 5 Guns 1 | . 1 . . . . AOE 4 | . . . . . 4 Classes Destroyed 7 | 2 2 . . 1 2 Builder 1 | . . . . 1 . Tunneler 1 | 1 . . . . . Recycler 1 | 1 . . . . . Operator 1 | . 1 . . . . Grunt 6 | . 1 . . . 5 Sentry 3 | . . . . . 3 Hunter 1 | . . . . . 1 Best Kill Streak 4 | 2 1 . . 1 4 Combat Bots Only 4 | . 1 . . . 4 Max Kills in Single Turn 3 | 1 1 . . 1 3 Gunslinging . | . . . . . . Exploded 3 | . . . . . 3 Melee 1 | . . . . . 1 Uniques/NPCs Destroyed . | . . . . . . Combat | -11 -10 -10 -10 -9 -8 -------- Run | Scr Mat Min Exi Min Mat Damage Taken 736 | . 208 . . . 528 Core 157 | . 37 . . . 120 Absorbed by Shields . | . . . . . . Core Remaining (%) 92 | 100 . . . 85 . Volleys Fired 24 | 4 11 . . 4 5 Largest 2 | 2 2 . . 2 2 Hottest 63 | 40 40 . . 63 53 Shots Fired 45 | 8 22 . . 8 7 Gun 43 | 8 22 . . 8 5 Cannon . | . . . . . . Launcher 2 | . . . . . 2 Special . | . . . . . . Kinetic 39 | 8 22 . . 4 5 Thermal 4 | . . . . 4 . Explosive 2 | . . . . . 2 Electromagnetic . | . . . . . . Robot Hit Streak 14 | 4 7 . . 11 14 Robot Miss Streak 4 | 1 4 . . . 1 Penetration Max . | . . . . . . Secondary Targets . | . . . . . . Shots Hit Robots 48 | 5 14 . . 6 23 Core Hits 22 | 4 4 . . 2 12 Critical Kills . | . . . . . . Critical Parts Destroyed . | . . . . . . Critical Strikes . | . . . . . . Melee Attacks 22 | . . . . . 22 Impact . | . . . . . . Slashing . | . . . . . . Piercing 22 | . . . . . 22 Sneak Attacks . | . . . . . . Combat Hostiles . | . . . . . . Follow-up Attacks 4 | . . . . . 4 Damage Inflicted 1084 | 48 139 . . 71 826 Guns 300 | 48 139 . . 71 42 Cannons . | . . . . . . Explosions 236 | . . . . . 236 Melee 548 | . . . . . 548 Ramming . | . . . . . . Kinetic 253 | 48 139 . . 24 42 Thermal 47 | . . . . 47 . Explosive 236 | . . . . . 236 Electromagnetic . | . . . . . . Impact . | . . . . . . Slashing . | . . . . . . Piercing 548 | . . . . . 548 Highest Corruption . | . . . . . . Average Corruption . | . . . . . . Corruption Purged . | . . . . . . Corruption Blocked . | . . . . . . Overload Shots . | . . . . . . Overflow Damage 28 | . . . . . 28 Projectiles . | . . . . . . Explosions 9 | . . . . . 9 Melee 19 | . . . . . 19 Knockbacks . | . . . . . . Impact . | . . . . . . Kinetic . | . . . . . . Secondary . | . . . . . . Self-Inflicted Damage . | . . . . . . Shots . | . . . . . . Rammed . | . . . . . . Targets Rammed . | . . . . . . Kicked . | . . . . . . Crushed . | . . . . . . Highest Temperature 16 | . 16 . . 6 3 Average Temperature 4 | . 5 . . 2 2 Received Heat Transfer 345 | . 66 . . . 279 Siege Activations . | . . . . . . Robots Corrupted . | . . . . . . Combat Hostiles . | . . . . . . Parts Fried . | . . . . . . Impact Corruptions . | . . . . . . Robots Melted . | . . . . . . Combat Hostiles . | . . . . . . Parts Melted . | . . . . . . Heat Transferred 100 | . . . . 100 . Parts Sabotaged . | . . . . . . Parts Stolen . | . . . . . . Parts Stripped . | . . . . . . Power Chain Reactions . | . . . . . . Missiles Intercepted . | . . . . . . Alert | -11 -10 -10 -10 -9 -8 ------- Run | Scr Mat Min Exi Min Mat Peak Influence 243 | 10 144 55 . 65 243 Initial 55 | . 6 55 . . 25 Average 46 | 7 88 55 . 8 83 Maximum Alert Level 1 | . . . . . 1 Low Security (%) 98 | 100 100 100 . 100 96 Level 1 1 | . . . . . 3 Level 2 . | . . . . . . Level 3 . | . . . . . . Level 4 . | . . . . . . Level 5 . | . . . . . . High Security . | . . . . . . Max Security . | . . . . . . Squads Dispatched 5 | . 1 . . . 4 Investigation 2 | . . . . . 2 Extermination . | . . . . . . Reinforcement 3 | . 1 . . . 2 Assault . | . . . . . . Garrison . | . . . . . . Intercept . | . . . . . . Searches Triggered . | . . . . . . Construction Impeded 1 | . . . . . 1 Haulers Reinforced . | . . . . . . Active Scanning Responses . | . . . . . . Cargo Convoy Interrupts . | . . . . . . Stealth | -11 -10 -10 -10 -9 -8 --------- Run | Scr Mat Min Exi Min Mat Distress Signals . | . . . . . . Communications Jammed . | . . . . . . Distress Signals . | . . . . . . Times Spotted 28 | . 12 . . 1 15 Peak Tracking Total 7 | . 7 . . 2 4 Tactical Retreats 3 | . 2 . . . 1 Traps | -11 -10 -10 -10 -9 -8 ------- Run | Scr Mat Min Exi Min Mat Traps Triggered 2 | . 2 . . . . Indirectly . | . . . . . . Trap Hack Attempts . | . . . . . . Triggered . | . . . . . . Disarmed . | . . . . . . Reprogrammed . | . . . . . . Reused . | . . . . . . Traps Extracted . | . . . . . . Installed . | . . . . . . Triggered . | . . . . . . Machines | -11 -10 -10 -10 -9 -8 ---------- Run | Scr Mat Min Exi Min Mat Machines Disabled 3 | . 3 . . . . Max in Single Turn 2 | . 2 . . . . Machines Sabotaged . | . . . . . . Garrisons Compromised . | . . . . . . Overloaded Fab Kills . | . . . . . . Hacking | -11 -10 -10 -10 -9 -8 --------- Run | Scr Mat Min Exi Min Mat Machines Accessed 3 | . . . 2 . 1 Terminals . | . . . . . . Fabricators . | . . . . . . Repair Stations . | . . . . . . Recycling Units 1 | . . . . . 1 Scanalyzers . | . . . . . . Garrison Access . | . . . . . . Total Hacks 13 | . . . 10 . 3 Successful 12 | . . . 10 . 2 Failed 1 | . . . . . 1 Catastrophic . | . . . . . . Database Lockouts . | . . . . . . Manual 1 | . . . 1 . . Terminals . | . . . . . . Fabricators . | . . . . . . Repair Stations . | . . . . . . Recycling Units 3 | . . . . . 3 Scanalyzers . | . . . . . . Garrison Access . | . . . . . . Terminal Hacks 10 | . . . 10 . . Record 9 | . . . 9 . . EX-Prototype ID Bank 1 | . . . 1 . . Fabricator Hacks . | . . . . . . Repair Station Hacks . | . . . . . . Recycling Unit Hacks 2 | . . . . . 2 Report Inventory 1 | . . . . . 1 Retrieve Components 1 | . . . . . 1 Scanalyzer . | . . . . . . Garrison Access Hacks . | . . . . . . Unauthorized Hacks . | . . . . . . Terminals . | . . . . . . Fabricators . | . . . . . . Repair Stations . | . . . . . . Recycling Units . | . . . . . . Scanalyzers . | . . . . . . Garrison Access . | . . . . . . Data Cores Recovered . | . . . . . . Used . | . . . . . . Hacking Detections 1 | . . . . . 1 Full Trace Events 1 | . . . . . 1 Feedback Events . | . . . . . . Feedback Blocked . | . . . . . . Robot Schematics Acquired . | . . . . . . Robots Built . | . . . . . . Authchips . | . . . . . . Time . | . . . . . . Total Robot Build Rating . | . . . . . . Part Schematics Acquired . | . . . . . . Parts Built . | . . . . . . Authchips . | . . . . . . Time . | . . . . . . Total Part Build Rating . | . . . . . . Parts Repaired . | . . . . . . Time . | . . . . . . Parts Recycled . | . . . . . . Recycled Matter . | . . . . . . Retrieved Matter . | . . . . . . Retrieved Components 2 | . . . . . 2 Parts Scanalyzed . | . . . . . . Part Schematics Acquired . | . . . . . . Parts Damaged . | . . . . . . Bothacking | -11 -10 -10 -10 -9 -8 ------------ Run | Scr Mat Min Exi Min Mat Used RIF Installer . | . . . . . . Robots Hacked . | . . . . . . Non-combat . | . . . . . . Combat . | . . . . . . Robot Hacks Applied . | . . . . . . Relay Couplers Released . | . . . . . . Fabnet Peak Effective % . | . . . . . . Robots Rewired . | . . . . . . Allies Hacked . | . . . . . . Hacks Repelled . | . . . . . . Allies | -11 -10 -10 -10 -9 -8 -------- Run | Scr Mat Min Exi Min Mat Total Allies 5 | . . . . 5 . Largest Group 5 | . . . . 5 5 Highest-Rated Group 79 | . . . . 79 79 Highest-Rated Ally 31 | . . . . 31 31 Total Orders . | . . . . . . Ally Attacks 25 | . . . . 8 17 Total Damage 301 | . . . . 119 182 Kills 4 | . . . . 2 2 Allies Corrupted . | . . . . . . Allies Melted . | . . . . . . Intel | -11 -10 -10 -10 -9 -8 ------- Run | Scr Mat Min Exi Min Mat Robot Analysis Total . | . . . . . . Derelict Logs Recovered 1 | . . . . 1 . Drone Launches . | . . . . . . Drone Recoveries . | . . . . . . Exploration | -11 -10 -10 -10 -9 -8 ------------- Run | Scr Mat Min Exi Min Mat Turns Passed 1301 | 71 212 48 222 459 289 Spaces Moved 1265 | 46 177 59 274 504 205 Core 8 | . 2 . . . 6 Treads . | . . . . . . Legs 145 | 46 99 . . . . Wheels 1051 | . 15 59 274 504 199 Hover 61 | . 61 . . . . Flight . | . . . . . . Fastest Speed 56 | 120 56 80 80 80 80 Average Speed 85 | 120 95 80 80 80 90 Slowest Speed 300 | 120 150 80 80 80 300 Overloaded Moves . | . . . . . . Propulsion Burnouts . | . . . . . . Robots Hopped . | . . . . . . Cave-ins Triggered . | . . . . . . Exploration Rate (%) 37 | 4 31 27 60 90 14 Regions Visited 5 Branch Regions 3 Pre-discovered Areas . | . . . . . . Known Exits Taken . | . . . . . . Unknown Exits Taken 5 | 1 1 1 1 1 . Scrap Searched 2 | . . . . 2 . Spaces Dug . | . . . . . . Terrain Destroyed 16 | . . . . . 16 Melee . | . . . . . . Projectile . | . . . . . . AOE 16 | . . . . . 16 Terrain Rammed . | . . . . . . Walls Destroyed . | . . . . . . Machines Disabled . | . . . . . . Actions | -11 -10 -10 -10 -9 -8 --------- Run | Scr Mat Min Exi Min Mat Total 1417 | 55 200 59 276 551 276 Wait 42 | 2 . . . 33 7 Move 1260 | 45 176 58 273 503 205 Hop . | . . . . . . Pick Up 24 | 3 2 . 3 3 13 Fast Attach 5 | . 1 . . 1 3 Attach 17 | . 5 1 . . 11 Detach . | . . . . . . Swap 3 | . 1 . . . 2 Drop 17 | 1 4 . . . 12 Fire 24 | 4 11 . . 4 5 Melee 18 | . . . . . 18 Ram . | . . . . . . Kick . | . . . . . . Crush . | . . . . . . Escape Stasis . | . . . . . . Rewire 7 | . . . . 7 . Trap . | . . . . . . Miscellaneous . | . . . . . . Route ------- -11/Scrapyard -10/Materials -10/Mines -10/Exiles -9/Mines -8/Materials History --------- Turn | Location | Event 3 | -11/Scrapyard | Discovered new exit (range 2) 72 | -11/Scrapyard | Entered Materials 267 | -10/Materials | Discovered new exit (range 16) 284 | -10/Materials | Entered Mines 328 | -10/Mines | Deemed a non-threat by the Exiles lab entrance 329 | -10/Mines | Discovered new exit (range 5) 332 | -10/Mines | Entered Exiles 352 | -10/Exiles | Met 8R-AWN 366 | -10/Exiles | Met EX-HEX 388 | -10/Exiles | Met EX-BIN 404 | -10/Exiles | Aligned with FarCom system 405 | -10/Exiles | Given EX-Vault access code 424 | -10/Exiles | Opened EX-Vault 441 | -10/Exiles | Found 0b10 Alert Chip 458 | -10/Exiles | Warned to stay clear of 0b10 Research branches 481 | -10/Exiles | Met EX-DEC 544 | -10/Exiles | Discovered new exit (range 14) 554 | -10/Exiles | Left Exiles lab with 0b10 Alert Chip 554 | -10/Exiles | Entered Mines 562 | -9/Mines | Build established: Scavenger-Mutant 820 | -9/Mines | Learned Materials stockpile data 851 | -9/Mines | Assisted by bots powering up and referring to "LRC-V3" 981 | -9/Mines | Discovered new exit (range 10) 1013 | -9/Mines | Entered Materials 1013 | -8/Materials | Accompanied by 5 allies 1013 | -8/Materials | Evolved 4 slots: Propulsion x1, Utility x3 1018 | -8/Materials | Led the pair of lost Derelicts to an unsafe place 1302 | -8/Materials | Self-destructed Last Messages --------------- 01229_ K-01 Serf collects debris. 01233_ G-47 Trooper suffers critical hit (Burn). 01234_ Critical hit (Burn: +37). 01236_ Destroyed Heat Sink. 01236_ Spear follow-up attack on Y-45 Defender. 01242_ Y-45 Defender destroyed. 01251_ Spear follow-up attack on G-47 Trooper. 01261_ Nuclear Core destroyed. 01262_ 0b10 Alert Chip destroyed. 01264_ G-47 Trooper destroyed. 01265_ Wheel destroyed. 01273_ G-47 Trooper destroyed. 01276_ Spear follow-up attack on G-47 Trooper. 01281_ Destroyed Lgt. Nuclear Core. 01281_ Carbon-fiber Leg destroyed. 01289_ Acquired 10 matter. 01289_ Spear destroyed. 01291_ G-47 Trooper destroyed. 01295_ Critical hit (Burn: +37). 01297_ Y-45 Defender destroyed. Map ----- +----------------------------------------------------+ | ??????????????????????????????????? | | ??????????????????????????????????? | | ??????????????????????????????????? | | ??????????????????????????????????? | | ??????????????????????????????????? | | ??????????????????????????????????? | | ??????????????????????????????????? | | ??????????????????????????????????? | | ??????????????????????????????????? | | ??????????????????????????????????? | | ?????????????????????????????#+???? | | ????????????????????????????? ??? | | ????????????????????????????? ??? | | ????????????????????????????? ??? | | ????????????????????????????? ??? | | ????????????????????????????? ??? | | ?????????????????????????????# #??? | | ?????????????????????????????# #??? | | ????????????????# ???????????# #??? | | ????????????????# #??????????# #??? | | ????????? "T"?### ###????????# #??? | | ????????? ?# #??????### ###? | | ?????????? # #??????# #? | | ??????????? + ######## #? | | ????????????" o g [=%%=! =% #? | | ????????????" !%= #""[%@%# #? | | ??????????????#= w #"T!=!=# #? | | ??????????????# [%! #""*![ ### ###? | | ??????????????## ## #?# #??? | | ??????????????# ## ! #?# #??? | | ???????????##### #;####+### #??? | | ???????????# [ #??? | | ???????????#![] #??? | | ???????????# ![ #??? | | ???????????#/! ########/## #??? | | ???????????#!! # #? ???? | | ???????????#!! # #? ???? | | ??????########## # #? ???? | | ??????# #%= # #? ???? | | ??????# """"" #!%*# #? ???? | | ??????# """"" *[# #? ???? | | ??????# """"" *#= = #? ???? | | ??????# """" *%%!=%# #?????? | | ??????# """"" [**[=# #?????? | | ??????# """" ]# [ ####+#####?????? | | ??????# """" *# ## #???????? | | ??????# # #???????? | | ??????########## #???????? | | ???????# ]]] ## #???????? | | ???????# ]] ## ## #???????? | +----------------------------------------------------+ Best States ------------- Heat Dissipation 53 Energy Generation 14 Energy Capacity 490 Matter Stores 450 Matter Capacity 450 Sight Range 16 Terrain Scan Density 10 Additional Mass Support 6 Evasion (%) 55 Melee Accuracy 12 Offensive Hacking 10 Item Schematics ----------------- None Robot Schematics ------------------ None Fabricated ------------ Nothing Alien Tech Used ----------------- None Achievements -------------- None Challenges ------------ None Game ------ Seed AluminumDisruptionJammer Manual? 0 Play Time 00:11:14 Cumulative 68.5 hours Start 2022.03.20 @ 17:55:53 End 2022.03.23 @ 15:56:28 Sessions 2 Manual Loads 0 Difficulty Rogue Special Mode None Game No. 103 Rogue 103 Adventurer 0 Explorer 0 Win Type - Total 0 Types 0/0/0/0/0/0/0/0/0 Lore% 28 Gallery% 49 Achievement% 35 Wizard Run 0 Options --------- ASCII 0 Keyboard 0 Movement Mouse Keybinds 0 Fullscreen 1 Font 18/SmallcapsGlow Map View 76x50 Tactical HUD 1 Map Filters NONE Filters NONE Steam 1 RUN: d3de718a-be58-4263-b01f-f5a7fba69889